 Dungeon Crawl Stone Soup version 0.32-a0-131-g9dbbe29261 (webtiles) character file.

Game seed: 17045665237125086099

177 Ceno the Sneak (level 5, -4/42 HPs)
             Began as a Naga Ice Elementalist on Feb 9, 2024.
             Slain by an ogre
             ... wielding a +0 giant spiked club
              (24 damage)
             ... on level 4 of the Dungeon.
             The game lasted 00:08:42 (2036 turns).

Ceno the Sneak (Naga Ice Elementalist)              Turns: 2036, Time: 00:08:42

Health: -4/42      AC: 12    Str: 10    XL:     5   Next: 57%
Magic:  5/11       EV: 10    Int: 17    God:
Gold:   155        SH:  0    Dex: 12    Spells: 5/12 levels left

rFire   + . .        t - +0 dagger (venom)
rCold   . . .        (no shield)
rNeg    . . .        a - +0 robe
rPois   +            v - +0 helmet
rElec   .            m - +1 cloak
rCorr   .            (no gloves)
SInv    +            (no barding)
Will    .....        (no amulet)
Stlth   +++          j - ring of protection from fire
HPRegen 0.27/turn    s - ring of flight
MPRegen 0.12/turn

%: no passive effects
@: ice-armoured, flying, very slightly contaminated, very slow
A: AC +1, large, see invisible, deformed body, poison resistance, slowness 2,
spit poison 1, naga tail 1
a: Spit Poison


You were on level 4 of the Dungeon.
You visited 1 branch of the dungeon, and saw 4 of its levels.

You collected 155 gold pieces.

Inventory:

Hand Weapons
 k - a +0 dagger of protection
 l - a +1 hand axe
 t - a +0 dagger of venom (weapon)
Missiles
 c - 12 stones (quivered)
Armour
 a - a +0 robe (worn)
 m - a +1 cloak (worn)
 v - a +0 helmet (worn)
Jewellery
 j - a ring of protection from fire (left hand)
 s - a ring of flight (right hand)
Scrolls
 d - a scroll of fog {unknown}
 e - a scroll of noise {unknown}
 f - a scroll of enchant armour {unknown}
 h - a scroll of teleportation {unknown}
 n - a scroll of poison {unknown}
 o - a scroll of blinking {unknown}
 u - 2 scrolls of revelation
 w - a scroll of enchant weapon
 y - a scroll of fear {unknown}
 z - a scroll of immolation {unknown}
Potions
 b - a potion of magic
 i - a potion of haste {unknown}
 q - 2 potions of might
 r - a potion of attraction {unknown}
 x - a potion of curing {unknown}


   Skills:
 - Level 1.5 Dodging
 - Level 5.0 Stealth
 - Level 4.0 Spellcasting
 + Level 4.7 Ice Magic


You had 5 spell levels left.
You knew the following spells:

 Your Spells              Type           Power      Damage    Failure   Level
a - Freeze                Ice            76%        1d8       2%          1
b - Frozen Ramparts       Ice            38%        1d6       7%          3
c - Ozocubu's Armour      Ice            19%        N/A       7%          3

Your spell library contained the following spells:

 Spells                   Type           Power      Damage    Failure   Level
 Summon Ice Beast         Ice/Summ       11%        N/A       19%         3
 Call Canine Familiar     Summ           3%         N/A       43%         3
 Sigil of Binding         Hex            3%         N/A       43%         3
 Dimensional Bullseye     Hex/Tloc       1%         N/A       83%         4
 Metabolic Englaciation   Hex/Ice        5%         N/A       86%         5
 Sculpt Simulacrum        Ice/Alch       5%         N/A       100%        6


Dungeon Overview and Level Annotations

Branches:
Dungeon (4/15)
 Temple: D:4-7

Altars:

Annotations:
D:2 Sigmund


Innate Abilities, Weirdness & Mutations

Your serpentine skin is tough. (AC +1)
You have supernaturally acute eyesight. (SInv)
Armour fits poorly on your strangely shaped body.
Your system is resistant to poisons. (rPois)
You cover ground very slowly.
You can spit poison.
You have a snake-like lower body.


Message History

Magic restored.
You fly downwards.
Your icy armour cracks and falls away as you move.
There is a stone staircase leading up here.
Found 15 gold pieces.
You now have 155 gold pieces (gained 15).
A kobold, an ogre and an orc come into view.
Found a stone staircase leading up.
The kobold shouts!
The ogre shouts!
You hear a shout!
Casting: Freeze (safe; 2% risk of failure)
Confirm with . or Enter, or press ? or * to list all spells.
A film of ice covers your body!
The ogre hits you with a +0 giant spiked club!!
Ouch! That really hurt!
Casting: Ozocubu's Armour (dangerous; 7% risk of failure)
Confirm with . or Enter, or press ? or * to list all spells.
Aiming: Freeze (safe; 2% risk of failure)
Press: ? - help, Shift-Dir - straight line, f - ogre
Aim: an ogre, wielding a +0 giant spiked club You freeze the ogre!
The ogre is moderately wounded.
Casting: Freeze (safe; 2% risk of failure)
Confirm with . or Enter, or press ? or * to list all spells.
Aiming: Freeze (safe; 2% risk of failure)
Press: ? - help, Shift-Dir - straight line, f/p - ogre
Aim: an ogre, wielding a +0 giant spiked club (moderately wounded)
You miscast Freeze.
You are very lightly contaminated with residual magic.
Nothing appears to happen.
The ogre closely misses you.
Casting: Freeze (safe; 2% risk of failure)
Confirm with . or Enter, or press ? or * to list all spells.
Aiming: Freeze (safe; 2% risk of failure)
Press: ? - help, Shift-Dir - straight line, f/p - ogre
Aim: an ogre, wielding a +0 giant spiked club (moderately wounded)
You freeze the ogre.
The ogre is moderately wounded.
A goblin comes into view. It is wielding a +0 dagger.
The ogre hits you with a +0 giant spiked club!!
Ouch! That really hurt!
You die...

,*,,,,** **,,,,,,,,,,,,,**
*,,,,** *.......,,,,>,,,*
,,,,** *......g,,,,,,,,,
,,,** ####*.......,,>,,,,,,
**** ##..#*.......,,,,,,,,,
###...##.......,,>,,,,,,
##...#.#.o......,,,,,,,,,
#..###.#.OK...<.,,,,,,,,*
##.####.#@#*,,,,,*,,,,,,,,
####..##.....#********,,,***,
#....###.....# *,,*** *,
##.#### #####.# *,#******
#..# #.# *.###,,,, #.##
########.########.....#** #.#
#..................#### * #.#
#.######.#........#####
#.####.# ##..#.)......#####


You could see an ogre, an orc, a goblin and a kobold.

Vanquished Creatures
  2 orc wizards (D:3)
  Robin (D:2)
  5 adders
  2 dart slugs
  2 orcs (D:3)
  2 ball pythons (D:1)
  4 endoplasms
  6 giant cockroaches
  7 hobgoblins
  3 jackals (D:1)
  3 quokkas
  3 bats (D:1)
  2 frilled lizards
  14 goblins
  6 kobolds
  A rat (D:2)
63 creatures vanquished.

Notes
Turn   | Place    | Note
-------+----------+-------------------------------------------
     0 | D:1      | Ceno the Naga Ice Elementalist began the quest for the Orb.
     0 | D:1      | Reached XP level 1. HP: 15/15 MP: 3/3
    88 | D:1      | Reached XP level 2. HP: 22/22 MP: 3/5
   426 | D:1      | Reached XP level 3. HP: 22/28 MP: 2/7
   524 | D:1      | Reached skill level 4 in Stealth
   953 | D:2      | Learned a level 3 spell: Frozen Ramparts
   957 | D:2      | Learned a level 3 spell: Ozocubu's Armour
  1026 | D:2      | Noticed Robin
  1099 | D:2      | Killed Robin
  1100 | D:2      | Reached XP level 4. HP: 34/36 MP: 5/9
  1185 | D:2      | Noticed Sigmund
  1680 | D:3      | Reached skill level 5 in Stealth
  1864 | D:3      | Reached XP level 5. HP: 34/42 MP: 1/11
  2032 | D:4      | Noticed an ogre
  2036 | D:4      | Slain by an ogre

Illustrated notes

Levels and vault maps discovered:
D:1:      erik_arrival_orb_chamber, layout_loops_ring
D:2:      layout_rooms, minmay_gold_behind_fungi, uniq_robin, uniq_sigmund
D:3:      layout_rooms, grunt_decor_mini_mirrors
D:4:      layout_rooms, nicolae_the_louvre

Skill      XL: |  1  2  3  4 |
---------------+-------------+-----
Stealth        | 4 5 |  5.0
Spellcasting   | 3 4 |  4.0
Dodging        | |  1.5
Ice Magic      | |  4.7

Action                     |  1- 3 |  4- 6 || total
---------------------------+-------+-------++-------
  Melee: Dagger            |     8 |    33 ||    41
         Unarmed           |     1 |       ||     1
         Punch             |       |     2 ||     2
  Throw: Stone             |     2 |       ||     2
   Cast: Freeze            |    23 |    15 ||    38
         Frozen Ramparts   |     2 |     2 ||     4
         Ozocubu's Armour  |     1 |     2 ||     3
Ability: Spit Poison       |    23 |    17 ||    40
    Use: Scroll            |       |     4 ||     4
   Stab: Sleeping          |       |     1 ||     1
 Armour: Robe              |    24 |    43 ||    67
  Dodge: Dodged            |    13 |    19 ||    32

Table legend: (Time is in decaauts)
 A = Elapsed time spent in this place.
 B = Non-inter-level travel time spent in this place.
 C = Inter-level travel time spent in this place.
 D = Time resting spent in this place.
 E = Time spent auto-exploring this place.
 F = Levels seen in this place.
 G = Mean time per level.
                   A        B        C        D        E       F      G
               +--------+--------+--------+--------+--------+-----+--------+
         Total |   2574 |   2486 |     88 |    240 |   1124 |   4 |  643.5 |
       Dungeon |   2574 |   2486 |     88 |    240 |   1124 |   4 |  643.5 |
               +--------+--------+--------+--------+--------+-----+--------+

Top non-repeatable levels by time:
     D:1: 1043 daAuts
     D:3: 731 daAuts
     D:2: 703 daAuts
     D:4: 96 daAuts
